[Event "13th Rheinland-Pfalz-Open 2023"]
[Site "Neuwied-Engers"]
[Date "2023.06.11"]
[Round "7.9"]
[White "Weber, Samuel"]
[Black "Perske, Paul"]
[Result "0-1"]
[Annotator "TA"]
[ECO "C47"]
[WhiteElo "2296"]
[BlackElo "2092"]
[PlyCount "84"]
[EventDate "2023.01.12"]
[EventType "swiss"]
[EventCountry "GER"]
[SourceTitle "playchess.com"]
[Source "ChessBase"]
[SourceQuality "1"]
[TimeControl "40/5400+30:1800+30"]

1. e4 e5 2. Nc3 Nf6 3. g3 d5 4. exd5 Nxd5 5. Bg2 Nxc3 6. bxc3 Nc6 7. Nf3 Be7 8. O-O O-O 9. Re1 Bf6 {[%emt 0:01:07] C47: Scotch Four Knights and Four Knights with 4 g3.} 10. Rb1 Rb8 11. d3 b6 {[%emt 0:00:06] The position is equal.} 12. Nd2 Bb7 13. Nc4 Re8 {[%emt 0:01:03] [#]} 14. Qg4 $146 ({Predecessor:} 14. h4 Na5 15. Bxb7 Nxb7 16. Qg4 Qd5 17. Bd2 Nd6 18. Ne3 Qe6 19. Qa4 a6 20. Qc6 {1-0 Kozganbay,E (2368)-Mezentsev,I (1963) Izhevsk Corporation Cup 6th 2014 (2)}) 14... Qc8 15. Qh5 (15. Qxc8 {simplifies} Rbxc8 16. Bd2 Nd8 17. a4) 15... g6 16. Qh6 (16. Qh3 {simplifies} Qxh3 17. Bxh3 e4 18. d4) 16... Ne7 17. Bxb7 Rxb7 18. Ba3 (18. Nxe5 Nf5 19. Qf4 g5 $17) 18... Nd5 19. Qd2 Rb8 20. Ne3 Nxe3 21. fxe3 (21. Qxe3 $11 c5 22. c4) 21... e4 22. Rf1 Qe6 23. d4 Qxa2 24. Rb3 Be7 25. Qf2 f5 (25... Bxa3 $6 26. Qxf7+ Kh8 27. Qf6+ (27. Qxc7 Rf8 $11) 27... Kg8 28. Qf7+ Kh8 29. Qf6+ (29. Qxc7 Rbc8 $11) 29... Kg8 30. Qf7+ $11) 26. Bb2 Qa6 {[%emt 0:01:33] Black is more active.} 27. g4 $2 {[%emt 0:00:06] White does not recover from this.} Rf8 $19 (27... fxg4 $2 28. Qf7+ Kh8 29. c4 $18) 28. Qg2 (28. g5) 28... fxg4 {[%emt 0:01:49] [#] ...Rf3 is the strong threat.} 29. Ra1 Qc4 {[%emt 0:01:12] White must now prevent ...Rf3.} 30. Qxe4 (30. Ba3 $142 Bxa3 31. Rbxa3) 30... Bg5 {[%emt 0:06:19] Threatens to win with ...Rf3.} 31. Rb4 Qf7 (31... Qe2 $142 32. Qd5+ Rf7 33. Qxg5 Rbf8 34. Qd5 Kg7 35. Qe5+ Kh6 36. Qf4+ Rxf4 37. exf4 Qe3+ 38. Kg2 Rxf4 39. d5 Rf2+ 40. Kg1 Rxc2+ {[%mdl 64] Discovered Attack} 41. Kh1 Qf3+ 42. Kg1 Qg2#) 32. Rb5 Qf2+ 33. Kh1 Bxe3 (33... Qe2 $142 34. Rg1 Qxb5 35. Qxg4 Bxe3 36. Qe6+ Rf7) 34. Qxg4 Rbe8 ({Worse is} 34... Qxc2 35. Qe6+ (35. Rxa7 $2 {gets mated.} Rf1+) 35... Kh8 36. Qe5+ (36. Qxe3 Rbe8 $15) 36... Kg8 37. Qe6+ (37. Qxe3 $2 Rbe8 $19) 37... Kh8 38. Qe5+ (38. Qxe3 Rbe8 $15) 38... Kg8 39. Qe6+ $11 (39. Qxe3 $2 Rbe8 $19)) 35. Qg2 Qxg2+ 36. Kxg2 Rf2+ 37. Kg3 Ref8 {[%emt 0:01:38][%cal Be8f8,Bf8f3,Bf3f4,Bf4g4][%mdl 32] [#] ( -> ...R8f3+)} 38. Rh1 h5 {[%emt 0:02:22] Black mates.} 39. Bc1 R8f3+ 40. Kh4 Rf4+ 41. Kg3 Rg4+ 42. Kh3 Rf3# {[%emt 0:00:05] An entertaining game by Perske.   Weighted Error Value: White=0.77/Black=0.28 (precise)} 0-1

[Event "13th Rheinland-Pfalz-Open 2023"]
[Site "Neuwied-Engers"]
[Date "2023.06.11"]
[Round "7.10"]
[White "Thier, Simon"]
[Black "Ollenberger, Roland"]
[Result "0-1"]
[Annotator "TA"]
[ECO "A04"]
[WhiteElo "1991"]
[BlackElo "2280"]
[PlyCount "116"]
[EventDate "2023.01.12"]
[EventType "swiss"]
[EventCountry "GER"]
[SourceTitle "playchess.com"]
[Source "ChessBase"]
[SourceQuality "1"]
[TimeControl "40/5400+30:1800+30"]

1. Nf3 g6 2. g3 Bg7 3. Bg2 e5 4. e4 Nc6 5. O-O d6 6. c3 {[%emt 0:00:30] A04: Unusual lines after 1 Nf3 and King's Indian Attack.} Nf6 7. d4 exd4 (7... Nxe4 $2 8. d5 $16) 8. Nxd4 (8. cxd4 $14 d5 9. e5) 8... Bd7 {[%emt 0:00:30] [#]} 9. Be3 $146 ({Predecessor:} 9. Re1 O-O 10. h3 Re8 11. Na3 a5 12. Nac2 a4 13. Bd2 Qc8 14. Kh2 Ne5 15. Qe2 {0-1 Alfred,N (2215)-Houska,M (2375) BCF-chT2 9899 (4NCL) 1998 (5.1)}) 9... O-O 10. h3 Re8 11. Nd2 Qc8 12. g4 h5 13. g5 Nh7 14. Qf3 Ne5 15. Qg3 c5 16. N4f3 Be6 ({Black should try} 16... Nf8 $11) 17. Nh4 $14 Nc4 18. Nxc4 Bxc4 19. Rfd1 Re6 (19... Be2 $16 {might work better.}) 20. f4 $18 {[%emt 0:00:30][%cal Bf2f4,Bf4f5][%mdl 32] Strongly threatening f5.} (20. Rxd6 Be5 21. Bf4 Rxd6 $15) 20... Nf8 21. f5 Be5 22. Bf4 Re7 23. b3 Bb5 24. Bxe5 dxe5 25. Rd6 Qe8 26. a4 $36 {[%emt 0:00:30][%mdl 2048] White is really pushing.} Bc6 (26... Rd7 $16) 27. Rf1 Rd8 28. Rf6 {[%emt 0:00:30] Qf3 would be deadly.} Red7 (28... c4 $142) 29. fxg6 Nxg6 30. Nf5 Nf4 31. Rxf4 exf4 32. Qxf4 Rd1+ 33. Kh2 {[%emt 0:00:30] Threatening mate with Nh6+.} R8d7 34. Nh6+ Kg7 {[%emt 0:00:30][%cal Oc5c4] [#]} (34... Kf8 $2 35. Rg6 $18) 35. g6 $2 fxg6 $11 {[%emt 0:00:30][%cal Oc6e4] Hoping for ...Bxe4!} 36. Qg5 $2 (36. Nf5+ $11 {and White stays safe.} Kg8 37. Nh6+ Kg7 38. Nf5+ gxf5 39. Qh6+ Kg8 40. Rg6+ (40. exf5 $2 Qe5+) 40... Qxg6 {[%mdl 64] Remove Defender} 41. Qxg6+ Rg7 42. Qxf5 (42. Qe6+ Kh7 $11)) 36... Bxe4 $19 37. Bxe4 Qxe4 38. Nf5+ {[%emt 0:00:30] [#]} Qxf5 $3 39. Rxf5 R7d2+ 40. Kg3 {[%emt 0:00:30] White threatens Qe7+ and mate.} Rg1+ 41. Kf4 {[%emt 0:30:30] White wants to mate with Qe7+.} Rxg5 ({Weaker is} 41... Rf1+ 42. Ke3 Rxf5 43. Qe7+ Rf7 44. Qe5+ (44. Qxc5 Rfd7 $17) 44... Kh7 45. Kxd2 $18) 42. Rxg5 {[%emt 0:00:30][%mdl 4096] Endgame [#] KR-KR} b6 43. Rg3 Kf6 44. Ke4 Re2+ 45. Kd3 Rf2 46. a5 (46. Ke4 $142) 46... h4 (46... bxa5 $2 47. Re3 $19) 47. Re3 Rg2 {[%emt 0:00:30] And now ...Rg3 would win.} (47... bxa5 $2 {is the wrong capture.} 48. Kc4 $19) 48. axb6 (48. Ke4 $142 bxa5 49. Rf3+ Ke6 50. Rf4) 48... axb6 49. Ke4 Kg5 {[%emt 0:00:30] Threatens to win with ...Rg3.} 50. Rd3 Rg3 {[%emt 0:00:30] ...Rxd3 is the strong threat.} 51. Rd5+ Kh6 52. Rd6 Rxh3 53. Kf4 Rxc3 54. Rxb6 Kh5 55. Rb8 g5+ 56. Kf5 Rf3+ {[%emt 0:00:30] Black mates.} 57. Ke4 Kg4 58. Kd5 Rc3 {[%emt 0:00:30] What a bad dream for White. Magnificent play by Ollenberger!   Weighted Error Value: White=0.73/Black=0.15 (very precise)} (58... h3 $142 59. Rh8 Rxb3 60. Kc4 Rb4+ 61. Kxc5 Rf4 62. Rh6 Kg3 63. Rh5 h2 64. Kd6 Rd4+ 65. Ke7 Rh4 66. Rxg5+ Kf4 67. Rb5 h1=Q 68. Rb4+ Kg5 69. Rb5+ Kg6 70. Kd6 Rd4+ 71. Kc5 Qd5+ 72. Kb6 Qc4 73. Rb1 Rd6+ 74. Kb7 Qc6+ 75. Ka7 Rd7+ 76. Kb8 Qc7+ 77. Ka8 Qa7#) 0-1